 Dungeon Crawl Stone Soup version 0.29.1-1-gd02db6906a (webtiles) character file.

Game seed: 7906763901882945456

50 Draeca the Chiller (level 3, -2/19 HPs)
             Began as a Deep Elf Ice Elementalist on Oct 9, 2022.
             Killed by divine providence
             ... invoked by an orc priest
              (14 damage)
             ... on level 3 of the Dungeon.
             The game lasted 00:25:00 (2429 turns).

Draeca the Chiller (Deep Elf Ice Elementalist)      Turns: 2429, Time: 00:25:01

Health: -2/19      AC:  3    Str:  7    XL:     3   Next: 55%
Magic:  6/9        EV: 11    Int: 19    God:
Gold:   54         SH:  8    Dex: 15    Spells: 4/8 levels left

rFire   . . .      SeeInvis .   s - +4 mace
rCold   . . .      Faith    .   d - +1 kite shield
rNeg    . . .      Spirit   .   a - +0 robe
rPois   .          Reflect  .   (no helmet)
rElec   .          Harm     .   (no cloak)
rCorr   .          Rampage  .   (no gloves)
Will    +....                   o - +0 pair of boots
Stlth   ++........              (no amulet)
HPRegen 0.06/turn               l - ring of willpower
MPRegen 0.11/turn               (no ring)

@: no status effects
A: no striking features
a: no special abilities


You were on level 3 of the Dungeon.
You visited 1 branch of the dungeon, and saw 3 of its levels.

You collected 54 gold pieces.

Inventory:

Hand Weapons
 s - a +4 mace (weapon)
Missiles
 g - 3 poisoned darts
 p - 3 curare-tipped darts
Armour
 a - a +0 robe (worn)
 d - a +1 kite shield (worn)
 o - a +0 pair of boots (worn)
Jewellery
 l - a ring of willpower (left hand)
Scrolls
 e - a scroll of teleportation
 h - a scroll of enchant armour
 k - 3 scrolls of identify {unknown}
 n - a scroll of amnesia {unknown}
 q - a scroll of enchant weapon {unknown}
Potions
 b - a potion of magic
 c - a potion of heal wounds {unknown}
 f - 2 potions of brilliance {unknown}
 i - 2 potions of degeneration {unknown}
 j - a potion of haste {unknown}
 m - 2 potions of curing {unknown}
 r - a potion of invisibility {unknown}


   Skills:
 + Level 0.0(0.2) Maces & Flails
 - Level 0.7(0.8) Staves
 + Level 2.9 Dodging
 + Level 3.0 Stealth
 - Level 0.5 Shields
 + Level 3.4 Spellcasting
 + Level 1.1 Conjurations
 + Level 4.6 Ice Magic


You had 4 spell levels left.
You knew the following spells:

 Your Spells              Type           Power      Damage    Failure   Level
a - Freeze                Ice            80%        1d9       8%          1
b - Ozocubu's Armour      Ice            20%        N/A       22%         3

Your spell library contained the following spells:

 Spells                   Type           Power      Damage    Failure   Level
 Frozen Ramparts          Ice            40%        1d7       22%         3
 Dazzling Flash           Conj/Hex       10%        N/A       77%         3
 Hailstorm                Conj/Ice       14%        3d5       83%         4
 Iskenderun's Mystic Bla  Conj/Tloc      5%         2d3       99%         4
 Starburst                Conj/Fire      2%         6d3       100%        6


Dungeon Overview and Level Annotations

Branches:
Dungeon (3/15)

Altars:


Message History

You kill the orc!
You block the orc priest's attack.
The orc hits you from afar with a +0 trident.
* * * LOW HITPOINT WARNING * * *
The orc priest casts a cantrip, but nothing happens.
You see here a +0 dagger.
The orc priest looks encouraged for a moment.
You see here 5 stones.
There is a stone staircase leading up here.
You climb upwards.
There is a stone staircase leading down here.
There is a stone staircase leading down here.
You climb downwards.
There is a stone staircase leading up here.
The orc priest hits you from afar with a +0 trident.
The orc priest barely misses you.
The orc hits you from afar with a +0 trident.
Aiming: Freeze (safe; 8% risk of failure)
Press: ? - help, Q - select action, (/) - cycle Shift-Dir - straight line, f - orc priest
Aim: an orc priest, wielding a +0 trident and wearing a +0 ring mail You freeze the orc priest.
The orc priest is moderately wounded.
The orc priest barely misses you.
The orc hits you from afar with a +0 trident.
Aiming: Freeze (safe; 8% risk of failure)
Press: ? - help, Q - select action, (/) - cycle Shift-Dir - straight line, f/p - orc priest
Aim: an orc priest, wielding a +0 trident and wearing a +0 ring mail (moderately wounded)
You freeze the orc priest.
The orc priest is heavily wounded.
The orc priest hits you with a +0 trident.
The orc closely misses you.
Aiming: Freeze (safe; 8% risk of failure)
Press: ? - help, Q - select action, (/) - cycle Shift-Dir - straight line, f/p - orc priest
Aim: an orc priest, wielding a +0 trident and wearing a +0 ring mail (heavily wounded)
You freeze the orc priest.
The orc priest is heavily wounded.
The orc priest mumbles some strange prayers to Beogh against you.
Beogh smites you!
Ouch! That really hurt!
You die...

#..........###..#.
#.####.##...#.....
#.# #............
#.# ####.##.###.#.
#.# #.##.# .. #.#
#.##.#####.### #.#
#............## #.#
#....<.###.... #.#
####.#@# #.# #.#
#...#o#####.######.#
#.#
#.###o..o.o........#
#.# #.#
#######.######## #.#
#.# #.....## #.# #.#
#####o.....# #.# #.#
#...(...#.......
############
#.###.###.######
###≈§≈§≈≈≈≈≈###.#
#... .#


You could see an orc priest and an orc.

Vanquished Creatures
  2 worms (D:2)
  3 orcs (D:3)
  4 ball pythons
  4 endoplasms
  2 giant cockroaches (D:1)
  A hobgoblin (D:1)
  4 jackals (D:1)
  A quokka (D:1)
  3 bats (D:1)
  5 frilled lizards
  5 goblins
  2 kobolds (D:1)
  2 rats (D:1)
38 creatures vanquished.

Notes
Turn   | Place    | Note
-------+----------+-------------------------------------------
     0 | D:1      | Draeca the Deep Elf Ice Elementalist began the quest for
                  | the Orb.
     0 | D:1      | Reached XP level 1. HP: 10/10 MP: 6/6
   419 | D:1      | Found a faded altar of an unknown god.
   425 | D:1      | Reached XP level 2. HP: 15/15 MP: 5/8
   738 | D:1      | You fall into a shaft and drop 1 floor!
   933 | D:1      | Reached XP level 3. HP: 16/19 MP: 0/9
   960 | D:1      | Reached skill level 1 in Conjurations
  1228 | D:1      | Learned a level 3 spell: Ozocubu's Armour
  2429 | D:3      | Killed from afar by an orc priest

Illustrated notes

Levels and vault maps discovered:
D:1:      spicycebolla_arrival_transporter_tutorial, layout_loops_ring,
          shapermc_ecumenical_altar_mp_highgroup, minivault_19,
          minmay_door_square
D:2:      layout_rooms, grunt_decor_one_mirror
D:3:      layout_loops_ring, chequers_serial_rivers_large_a,
          amcnicky_mini_rare_corridor_liquid

Skill      XL: |  1  2  3 |
---------------+----------+-----
Conjurations   | 1 |  1.1
Stealth        | 3 |  3.0
Staves         | |  0.7
Dodging        | |  2.9
Shields        | |  0.5
Spellcasting   | |  3.4
Ice Magic      | |  4.6

Action                   || total
-------------------------++-------
Melee: Unarmed           ||     6
       Dagger            ||     1
 Cast: Freeze            ||    64
  Use: Scroll            ||     2
Armor: Robe              ||     4
Dodge: Dodged            ||    31
Block: Kite shield       ||    17
